 Dungeon Crawl Stone Soup version 0.18-a0-1789-gbeff17f (webtiles) character file.

749 dobroeutro the Shield-Bearer (level 7, 0/44 HPs)
             Began as a Gargoyle Fighter on Apr 21, 2016.
             Was a Follower of Okawaru.
             Killed by divine providence
             ... invoked by an orc priest
              (14 damage)
             ... on level 5 of the Dungeon.
             The game lasted 00:05:32 (3188 turns).

dobroeutro the Shield-Bearer (Gargoyle Fighter)     Turns: 3188, Time: 00:05:33

Health: 0/44       AC: 12    Str: 21    XL:     7   Next: 77%
Magic:  7/7        EV:  7    Int:  9    God:    Okawaru [*.....]
Gold:   58         SH: 10    Dex:  9    Spells: 0 memorised, 6 levels left

rFire  . . .     SeeInvis .     a - +0 flail
rCold  . . .     Gourm    .     b - +0 scale mail
rNeg   + . .     Faith    .     c - +0 shield
rPois  ∞         Spirit   .     (no helmet)
rElec  +         Dismiss  .     (no cloak)
rCorr  .         Reflect  .     (no gloves)
SustAt .         Harm     .     (no boots)
MR     .....                    (no amulet)
Stlth  ..........               (no ring)
                                (no ring)

@: not resistant to hostile enchantments, extremely unstealthy
A: negative energy resistance 1, electricity resistance, unbreathing,
petrification resistance, rot immunity, AC +4
a: Heroism, Renounce Religion


You were on level 5 of the Dungeon.
You worshipped Okawaru.
Okawaru was aware of your devotion.
You were hungry.

You visited 2 branches of the dungeon, and saw 6 of its levels.

You collected 58 gold pieces.

Inventory:

Hand Weapons
 a - a +0 flail (weapon)
Armour
 b - a +0 scale mail (worn)
 c - a +0 shield (worn)
Wands
 m - a wand of random effects (20/48)
Scrolls
 g - 2 scrolls of magic mapping {unknown}
 h - 9 scrolls of identify {unknown}
 k - a scroll of enchant armour {unknown}
 n - 2 scrolls of recharging {unknown}
 o - a scroll of random uselessness {unknown}
 p - a scroll of immolation {unknown}
 s - 2 scrolls of remove curse {unknown}
 t - 2 scrolls of amnesia {unknown}
 u - a scroll of blinking {unknown}
 v - a scroll of fog {unknown}
 x - a scroll of teleportation {unknown}
Potions
 d - a potion of might
 e - a potion of haste {unknown}
 i - 2 potions of heal wounds {unknown}
 j - a potion of brilliance {unknown}
 l - a potion of curing
 r - a potion of agility {unknown}
 w - a potion of cancellation {unknown}
Comestibles
 f - 3 bread rations
 q - 2 meat rations


   Skills:
 + Level 5.4 Fighting
 + Level 4.5 Maces & Flails
 + Level 5.6 Armour
 + Level 5.7 Shields


You had 6 spell levels left.
You didn't know any spells.

Dungeon Overview and Level Annotations

Branches:
Dungeon (5/15)             Temple (1/1) D:4

Altars:
Fedhas
Makhleb
Okawaru
Pakellas
Trog
Vehumet
Yredelemnul
Zin
The Shining One

Shops:
D:4 *

Annotations:
D:4 Yehuk's ghost, amateur DsNe


Innate Abilities, Weirdness & Mutations

You are resistant to torment.
Your stone body is resilient (AC +4).
You are immune to poison.
You resist negative energy.
You are resistant to electric shocks.
You can survive without breathing.
You are immune to petrification.
You are immune to rotting.


Message History

You are too injured to fight recklessly!
You are too injured to fight recklessly!
You are too injured to fight recklessly!
You are too injured to fight recklessly!
You are too injured to fight recklessly!
You are too injured to fight recklessly!
You are too injured to fight recklessly!
You are too injured to fight recklessly!
You are too injured to fight recklessly!
You are too injured to fight recklessly!
You are too injured to fight recklessly!
You are too injured to fight recklessly!
You are too injured to fight recklessly!
You are too injured to fight recklessly!
You sock the orc priest!
The orc priest is heavily wounded.
The orc barely misses you.
The orc priest calls down the wrath of Beogh upon you.
Beogh smites you!
You die...

....................
##..##.#......#....
##)##....#####.### #
#..............#.
#.###.....#........#.
#....#..#..........#.
####.#...............
...####.oo..............
#.....@#)....#........#
##....o......#.......##
#.#####.....#......<.#
.. ......##.#..##.. ..
##....## #.# #. .##.# #.
# .# .# . #. #


You could see an orc priest and 2 orcs.

Vanquished Creatures
  Menkaure (D:4)
  Duvessa (D:4)
  2 ogres (D:4)
  Dowan (D:4)
  A jelly (D:5)
  A hound (D:3)
  A giant frog skeleton (D:4)
  An iguana (D:4)
  A worker ant (D:5)
  A hound skeleton (D:4)
  5 adders
  A howler monkey skeleton (D:4)
  3 oozes
  An adder zombie (D:5)
  2 worms (D:2)
  A dart slug (D:3)
  A giant gecko (D:1)
  2 orcs
  2 ball pythons
  6 giant cockroaches
  7 goblins
  8 hobgoblins
  6 jackals
  2 quokkas (D:4)
  7 bats
  7 giant newts
  11 kobolds
  4 rats
87 creatures vanquished.

Notes
Turn   | Place    | Note
--------------------------------------------------------------
     0 | D:1      | dobroeutro the Gargoyle Fighter began the quest for the Orb.
     0 | D:1      | Reached XP level 1. HP: 14/14 MP: 1/1
   218 | D:1      | Reached XP level 2. HP: 19/19 MP: 2/2
   336 | D:1      | Reached XP level 3. HP: 19/23 MP: 3/3
   846 | D:2      | Reached XP level 4. HP: 24/29 MP: 4/4
  1729 | D:3      | Reached XP level 5. HP: 31/33 MP: 5/5
  2009 | D:4      | Found Vuifyph's Assorted Antiques.
  2053 | D:4      | Found a radiant altar of Vehumet.
  2055 | D:4      | Found a bloodstained altar of Trog.
  2159 | D:4      | Noticed an ogre
  2453 | D:4      | Killed an ogre
  2453 | D:4      | Reached XP level 6. HP: 28/39 MP: 6/6
  2487 | D:4      | Found a staircase to the Ecumenical Temple.
  2511 | Temple   | Entered the Ecumenical Temple
  2567 | Temple   | Became a worshipper of Warmaster Okawaru
  2593 | D:4      | Noticed Menkaure
  2614 | D:4      | Killed Menkaure
  2614 | D:4      | Reached skill level 5 in Shields
  2687 | D:4      | Reached skill level 5 in Armour
  2718 | D:4      | Noticed Yehuk's ghost (amateur DsNe)
  2754 | D:4      | Noticed Duvessa
  2754 | D:4      | Noticed Dowan
  2789 | D:4      | Killed Duvessa
  2789 | D:4      | Reached * piety under Okawaru
  2789 | D:4      | Reached skill level 5 in Fighting
  2789 | D:4      | Reached XP level 7. HP: 25/44 MP: 7/7
  2796 | D:4      | Killed Dowan
  3068 | D:5      | Entered Level 5 of the Dungeon
  3188 | D:5      | Killed from afar by an orc priest

Vault maps used:
D:1:      minmay_arrival_cross
D:3:      first_bread, nrook_uturn
D:4:      minitemple, minmay_temple_entry_mist, serial_shops, shop,
          uniq_menkaure, uniq_duvessa
Temple:   temple_island_7

Skill      XL: |  1  2  3  4  5  6 |
---------------+-------------------+-----
Shields        | 4 5 |  5.7
Armour         | 4 5 |  5.6
Fighting       | 4 5 |  5.4
Maces & Flails | 3 4 |  4.5

Action                   |  1- 3 |  4- 6 |  7- 9 || total
-------------------------+-------+-------+-------++-------
Melee: Flail             |   160 |   224 |    88 ||   472
  Eat: Chunk             |       |     2 |     1 ||     3
       Meat ration       |       |     1 |       ||     1
Armor: Scale mail        |    71 |   142 |    42 ||   255
Dodge: Dodged            |    58 |    77 |    27 ||   162
Block: Shield            |    85 |   134 |    41 ||   260
